 Dungeon Crawl Stone Soup version 0.28.0-45-g0d030f2227 (webtiles) character file.

Game seed: 13924536841325601044

8999 RepoMan the Destroyer (level 11, -8/69 HPs)
             Began as an Octopode Conjurer on Apr 9, 2022.
             Was a Follower of the Shining One.
             Mangled by an orc knight
             ... wielding a +0 glaive
              (36 damage)
             ... in a bailey.
             The game lasted 01:14:04 (14524 turns).

RepoMan the Destroyer (Octopode Conjurer)          Turns: 14524, Time: 01:14:05

Health: -8/69      AC:  5    Str: 11    XL:     11   Next: 39%
Magic:  0/23       EV: 12    Int: 31    God:    the Shining One [*.....]
Gold:   291        SH:  7    Dex: 10    Spells: 8/26 levels left

rFire   . . .      SeeInvis .   o - staff of earth
rCold   . . .      Faith    .   b - +3 buckler of Honour {Str+4 Int+6}
rNeg    . . .      Spirit   +   (helmet restricted)
rPois   +          Reflect  .   i - amulet of guardian spirit
rElec   .          Harm     .   e - ring of resist corrosion
rCorr   +          Rampage  .   v - +4 ring of protection
Will    .....                   y - ring of poison resistance
Stlth   +.........              (no ring)
HPRegen 0.21/turn               (no ring)
MPRegen 0.18/turn               (no ring)
                                (no ring)
                                (no ring)

@: glowing
A: almost no armour, amphibious, 8 rings, camouflage 1, gelatinous body 1,
(nimble swimmer 1), tentacles
a: Renounce Religion, Divine Shield


You were in a bailey.
You worshipped the Shining One.
The Shining One was aware of your devotion.
You visited 2 branches of the dungeon, and saw 11 of its levels.
You also visited: Sewer, Ossuary and Bailey.

You collected 491 gold pieces.
You spent 200 gold pieces at shops.

Inventory:

Hand Weapons
 q - a +4 scimitar of flaming
Missiles
 p - a throwing net
 t - 3 curare-tipped darts
 u - 29 poisoned darts
Armour
 b - the +3 buckler of Honour (worn) {Str+4 Int+6}
   (You acquired it on level 4 of the Dungeon)

   Str:       It affects your strength (+4).
   Int:       It affects your intelligence (+6).
Magical Staves
 o - a staff of earth (weapon)
Jewellery
 e - a ring of resist corrosion (left tentacle)
 i - an amulet of guardian spirit (around mantle)
 v - a +4 ring of protection (right tentacle)
 y - a ring of poison resistance (on tentacle)
Wands
 x - a wand of polymorph (8)
 E - a wand of paralysis (5)
Scrolls
 d - 2 scrolls of immolation
 g - a scroll of fog
 h - 4 scrolls of enchant armour
 k - 2 scrolls of vulnerability
 r - a scroll of magic mapping
 s - 5 scrolls of amnesia {unknown}
 w - a scroll of holy word
 z - a scroll of enchant weapon {unknown}
Potions
 a - a potion of magic
 c - 2 potions of cancellation {unknown}
 f - 8 potions of might
 j - a potion of brilliance {unknown}
 l - 4 potions of curing {unknown}
 m - 4 potions of mutation {unknown}
 n - 3 potions of resistance {unknown}
 A - a potion of attraction {unknown}
 B - 2 potions of haste {unknown}
 C - a potion of heal wounds
 F - a potion of invisibility {unknown}


   Skills:
 - Level 4.0 Fighting
 - Level 2.0 Dodging
 - Level 2.6 Stealth
 - Level 4.0 Shields
 + Level 8.0 Spellcasting
 - Level 13.0 Conjurations
 + Level 3.2 Transmutations
 * Level 5.3 Air Magic
 - Level 1.5 Invocations


You had 8 spell levels left.
You knew the following spells:

 Your Spells              Type           Power      Damage    Failure   Level
c - Mephitic Cloud        Conj/Pois/Air  50%        N/A       1%          3
g - Apportation           Tloc           24%        N/A       4%          1
i - Ignite Poison         Fire/Tmut/Pois 19%        N/A       10%         3
m - Iskenderun's Mystic   Conj/Tloc      52%        2d11      3%          4
p - Fulminant Prism       Conj/Hex       26%        3d14      3%          4
q - Magic Dart            Conj           100%       1d8       1%          1
r - Searing Ray           Conj           100%       2d8       1%          2

Your spell library contained the following spells:

 Spells                   Type           Power      Damage    Failure   Level
 Conjure Flame            Conj/Fire      52%        6-21      1%          3
 Dazzling Flash           Conj/Hex       100%       N/A       1%          3
 Hailstorm                Conj/Ice       52%        3d12      3%          4
 Sticky Flame             Conj/Fire      52%        2d7       3%          4
 Spider Form              Tmut/Pois      22%        N/A       8%          3
 Ice Form                 Ice/Tmut       22%        N/A       26%         4
 Petrify                  Tmut/Erth      33%        N/A       26%         4
 Silence                  Hex/Air        14%        N/A       43%         5
 Alistair's Intoxication  Tmut/Pois      14%        N/A       58%         5
 Agony                    Necr           12%        N/A       80%         5
 Simulacrum               Ice/Necr       6%         N/A       100%        6
 Dragon Form              Tmut           16%        N/A       100%        7
 Storm Form               Tmut/Air       19%        N/A       100%        7


Dungeon Overview and Level Annotations

Branches:
Dungeon (10/15)            Temple (1/1) D:7            Lair (0/6) D:9
  Sewer (visited)         Ossuary (visited)          Bailey (1/1)
    Orc: D:9-12

Altars:
Cheibriados
Dithmenos
Elyvilon
Gozag
Nemelex Xobeh
Qazlal
Ru
Trog
Uskayaw
Vehumet
Wu Jian
Xom
Yredelemnul
Zin
The Shining One

Shops:
D:1 =   D:9 (

Annotations:
D:3 Grinder
D:4 1 runed translucent door


Innate Abilities, Weirdness & Mutations

You cannot wear most types of armour.
You are amphibious.
You can wear up to eight rings at the same time.
Your skin changes colour to match your surroundings (Stealth+).
Your rubbery body absorbs attacks. (AC +1, EV +1)
((You are camouflaged when in or above water. (Stealth+)))
You have tentacles for arms and can constrict up to eight enemies at once.


Message History

Confirm with . or Enter, or press ? or * to list all spells.
Aiming: Mephitic Cloud (safe; 1% risk of failure)
Press: ? - help, Shift-Dir - straight line, p - orc knight The ball explodes into a vile cloud!
The stinking cloud engulfs the orc knight but does no damage.
The orc knight is engulfed in noxious fumes.
Unknown command.
Unknown command.
The orc knight roars a battlecry!
The orc knight goes into a battle-frenzy!
The orc knight is engulfed in noxious fumes. x2
The orc knight appears confused.
Unknown command.
Okay, then.
Unknown command.
Unknown command.
Okay, then.
Unknown command.
Okay, then.
Unknown command.
Unknown command.
Okay, then.
Unknown command.
Okay, then.
Unknown command.
Okay, then.
Unknown command.
Okay, then.
Unknown command.
Okay, then.
Unknown command.
Casting: Mephitic Cloud (safe; 1% risk of failure)
Confirm with . or Enter, or press ? or * to list all spells.
You erupt in a blast of force!
The mystic blast hits the orc knight!
You kill the orc knight!
The mystic blast hits the orc knight but does no damage.
You hear a shout!
The orc knight hits you from afar with a +0 glaive!!!
Ouch! That really hurt!
You die...

▒▒▒▒▒▒▒ ▒▒▒▒▒
▒▒.....▒▒▒▒▒▒▒▒▒.....
▒▒▒▒▒.......▒.....▒......
....▒..▒▒..○oo....§☼§▒)).
).).)..8....○☼....§☼..)).
....▒).▒▒..o°○).@.o○☼▒...
▒▒▒▒▒.......▒.....▒......
▒▒.....▒▒▒▒▒▒▒▒▒.....
▒▒▒▒▒▒▒ ▒▒▒▒▒


You could see 2 orc knights and 2 orcs.

Vanquished Creatures
  Erica (D:9)
  2 two-headed ogres
  An orc knight (Bailey)
  2 gargoyles
  A kobold demonologist (D:10)
  A hornet (D:9)
  A troll (D:5)
  A meliai zombie (D:5)
  A wraith (D:8)
  3 yaks (D:10)
  2 steam dragons
  An acid dragon (D:5)
  3 water moccasins
  6 orc warriors
  An ice beast (D:5)
  2 black bears (D:5)
  A sky beast (D:5)
  A necrophage (D:4)
  3 ogres
  3 centaurs
  A phantom (D:6)
  3 bullfrogs
  8 kobold brigands
  2 elf zombies (Ossuary)
  A scorpion (D:4)
  A wyvern skeleton (D:7)
  A water moccasin skeleton (D:5)
  2 jellies
  7 wights
  5 centaur zombies
  5 hounds
  4 orc priests
  A bullfrog skeleton (D:5)
  A centaur skeleton (D:6)
  2 human zombies
  Jessica (D:2)
  Terence (D:2)
  Natasha (twice) (D:2)
  3 iguanas
  6 orc wizards
  2 killer bee zombies (D:6)
  2 mummies (Ossuary)
  A howler monkey zombie (D:5)
  2 river rats (Sewer)
  8 adders
  2 shadow imps
  2 white imps
  An ufetubus (D:6)
  An adder skeleton (D:4)
  An adder zombie (Ossuary)
  5 worms
  31 orcs
  5 bats
  5 endoplasms
  3 giant cockroaches
  7 goblins
  8 hobgoblins
  5 jackals
  5 quokkas
  3 training dummies (D:9)
  13 ball pythons
  2 frilled lizards
  A goblin zombie (Ossuary)
  8 hobgoblin zombies (Ossuary)
  3 jackal zombies (Ossuary)
  33 kobolds
  13 kobold zombies
  6 orc zombies (Ossuary)
  12 rats
284 creatures vanquished.

Vanquished Creatures (collateral kills)
  An ugly thing (D:8)
1 creature vanquished.

Vanquished Creatures (others)
  20 fulminant prisms
20 creatures vanquished.

Grand Total: 305 creatures vanquished

Notes
Turn   | Place    | Note
-------+----------+-------------------------------------------
     0 | D:1      | RepoMan the Octopode Conjurer began the quest for the Orb.
     0 | D:1      | Reached XP level 1. HP: 11/11 MP: 3/3
   155 | D:1      | Reached XP level 2. HP: 17/17 MP: 3/5
   158 | D:1      | Learned a level 2 spell: Searing Ray
   884 | D:1      | Reached XP level 3. HP: 21/21 MP: 3/6
   980 | D:1      | Found Duroiwui's Jewellery Boutique.
  1204 | D:2      | Noticed Terence
  1271 | D:2      | Killed Terence
  1272 | D:2      | Reached skill level 5 in Conjurations
  1530 | D:2      | Reached XP level 4. HP: 27/27 MP: 1/8
  1644 | D:2      | Noticed Natasha
  1648 | D:2      | Killed Natasha
  1828 | D:2      | Noticed Jessica
  1979 | D:2      | Killed Jessica
  1980 | D:2      | Reached XP level 5. HP: 31/31 MP: 5/9
  2085 | D:2      | Noticed Natasha
  2089 | D:2      | Killed Natasha
  2497 | D:2      | Found a faded altar of an unknown god.
  2652 | D:3      | Reached skill level 6 in Conjurations
  2747 | D:3      | Noticed Grinder
  3136 | D:4      | Noticed an ogre
  3142 | D:4      | Killed an ogre
  3143 | D:4      | Reached XP level 6. HP: 36/36 MP: 4/11
  3406 | D:4      | Learned a level 1 spell: Apportation
  3466 | D:4      | Reached skill level 7 in Conjurations
  3466 | D:4      | Reached XP level 7. HP: 41/41 MP: 2/13
  3680 | D:4      | Noticed a human
  3681 | D:4      | Found a runed translucent door.
  3688 | D:4      | Found a basalt altar of Yredelemnul.
  3970 | D:5      | Entered Level 5 of the Dungeon
  4134 | D:5      | Found a glowing drain.
  4143 | Sewer    | Entered a sewer
  4365 | Sewer    | Identified a scroll of acquirement
  4588 | Sewer    | Reached skill level 8 in Conjurations
  4975 | D:5      | Reached skill level 5 in Spellcasting
  4975 | D:5      | Reached XP level 8. HP: 13/46 MP: 7/15
  5482 | D:4      | Acquired the +3 buckler of Honour {Str+4 Int+6}
  5545 | D:5      | Reached skill level 1 in Shields
  5545 | D:5      | Reached skill level 9 in Conjurations
  5580 | D:5      | Reached skill level 1 in Fighting
  6101 | D:5      | Noticed a troll
  6120 | D:5      | Reached XP level 9. HP: 35/55 MP: 8/17
  6427 | D:1      | Bought a ring of resist corrosion for 200 gold pieces
  6499 | D:5      | Killed a troll
  6802 | D:5      | Reached skill level 10 in Conjurations
  6935 | D:5      | Learned a level 4 spell: Iskenderun's Mystic Blast
  7673 | D:6      | Found a radiant altar of Vehumet.
  8558 | D:7      | Reached skill level 11 in Conjurations
  8559 | D:7      | Noticed a gargoyle
  8566 | D:7      | Killed a gargoyle
  8668 | D:7      | Reached XP level 10. HP: 20/63 MP: 0/19
  8827 | D:7      | Found a sand-covered staircase.
  8896 | Ossuary  | Entered an ossuary
 10197 | D:7      | Reached skill level 12 in Conjurations
 10258 | D:7      | Found a staircase to the Ecumenical Temple.
 10284 | Temple   | Entered the Ecumenical Temple
 10328 | Temple   | Became a worshipper of the Shining One
 10885 | D:8      | Noticed a gargoyle
 10916 | D:7      | Learned a level 4 spell: Fulminant Prism
 11002 | D:8      | Noticed a two-headed ogre
 11036 | D:8      | Killed a two-headed ogre
 11464 | D:8      | Noticed a green ugly thing
 11506 | D:8      | Killed a green ugly thing
 12055 | D:8      | Killed a gargoyle
 12102 | D:8      | Reached * piety under the Shining One
 12289 | D:8      | Acquired the Tome of Sophism
 12296 | D:8      | Learned a level 3 spell: Mephitic Cloud
 12392 | D:9      | Found a staircase to the Lair.
 12447 | D:9      | Reached skill level 1 in Air Magic
 12458 | D:9      | Reached skill level 13 in Conjurations
 12458 | D:9      | Reached skill level 1 in Invocations
 12632 | D:8      | Learned a level 3 spell: Ignite Poison
 12723 | D:9      | Found an ornate altar of the Wu Jian Council.
 12746 | D:9      | Found Qutar's Firing Range.
 12896 | D:9      | Noticed Erica
 12943 | D:8      | Reached skill level 1 in Transmutations
 13213 | D:9      | Killed Erica
 13214 | D:9      | Reached XP level 11. HP: 61/69 MP: 13/22
 13404 | D:9      | Noticed a two-headed ogre
 13413 | D:9      | Killed a two-headed ogre
 13894 | D:10     | Entered Level 10 of the Dungeon
 14102 | D:10     | Found a flagged portal.
 14149 | Bailey   | Entered a bailey
 14162 | Bailey   | Reached skill level 5 in Air Magic
 14498 | Bailey   | Noticed an orc knight
 14499 | Bailey   | Noticed an orc knight
 14519 | Bailey   | Noticed an orc knight
 14524 | Bailey   | Killed an orc knight
 14524 | Bailey   | Mangled by an orc knight

Illustrated notes

Levels and vault maps discovered:
D:1:      shiori_arrival_maze, layout_loops_ring, serial_shops, shop
D:2:      layout_loops_cross, hellmonk_ecumenical_altar_leap_of_faith,
          uniq_jessica, uniq_terence, uniq_natasha
D:3:      layout_rooms, uniq_grinder
D:4:      layout_gridville, dk_yredelemnul_ordeal, minmay_distorted
D:5:      cheibrodos_fzero, layout_gridville, portal_sewer_entry_b
D:6:      layout_basic, vehumet_crystals
D:7:      layout_loops_ring, minmay_temple_entry_wispy,
          nicolae_ossuary_entry_plus, minmay_starry_boxes
D:8:      layout_loops_ring
D:9:      layout_cave_pools, nicolae_wu_jian_wuxing_cycle, lair_entry_dummy,
          nicolae_shop_firing_range, uniq_erica
D:10:     layout_roguey, grunt_temple_overflow_open, enter_bailey_2
Temple:   nicolae_temple_elliptical
Bailey:   bailey_polearm_5, bailey

Skill      XL: |  1  2  3  4  5  6  7  8  9 10 11 |
---------------+----------------------------------+-----
Conjurations   | 5 6 7 8 9 11 13 | 13.0
Spellcasting   | 3 4 5 6 7 8 |  8.0
Shields        | 3 4 |  4.0
Fighting       | 2 4 |  4.0
Air Magic      | 3 5 |  5.3
Invocations    | 1 |  1.5
Transmutations | 1 3 |  3.2
Dodging        | |  2.0
Stealth        | |  2.6

Action                   |  1- 3 |  4- 6 |  7- 9 | 10-12 || total
-------------------------+-------+-------+-------+-------++-------
Melee: Constrict         |     2 |     1 |     3 |    10 ||    16
       Tentacles         |     2 |       |     3 |    13 ||    18
       Unarmed           |     1 |       |       |       ||     1
       Dagger            |     5 |     2 |    29 |       ||    36
       Staff             |       |       |       |    43 ||    43
 Fire: Hunting sling     |     2 |       |       |       ||     2
Throw: Dart              |       |       |     5 |     1 ||     6
 Cast: Magic Dart        |    46 |    87 |   213 |   219 ||   565
       Searing Ray       |     3 |     5 |    28 |    20 ||    56
       Iskenderun's Myst |       |       |     1 |     5 ||     6
       Mephitic Cloud    |       |       |       |    28 ||    28
       Fulminant Prism   |       |       |       |    20 ||    20
       Ignite Poison     |       |       |       |    12 ||    12
Invok: Divine Shield     |       |       |       |     1 ||     1
Evoke: Wand              |       |       |       |     2 ||     2
  Use: Scroll            |       |       |    13 |     9 ||    22
       Potion            |       |       |     7 |    10 ||    17
Armor: Skin              |       |       |    24 |    45 ||    69
Dodge: Dodged            |     8 |       |    74 |    58 ||   140
Block: Buckler           |       |       |    37 |    54 ||    91
